 Dungeon Crawl Stone Soup version 0.20.1-1-g8b1a95d (webtiles) character file.

23 vishdafish the Skirmisher (level 2, -2/24 HPs)
             Began as a Demonspawn Fighter on July 3, 2017.
             Slain by a gnoll
             ... wielding a +0 flail
              (9 damage)
             ... on level 1 of the Dungeon.
             The game lasted 00:00:51 (512 turns).

vishdafish the Skirmisher (Demonspawn Fighter)       Turns: 512, Time: 00:00:51

Health: -2/24      AC:  6    Str: 16    XL:     2   Next: 72%
Magic:  2/2        EV:  6    Int:  7    God:
Gold:   52         SH:  8    Dex: 12    Spells: 1/1 levels left

rFire    . . .     SeeInvis .   a - +0 war axe
rCold    . . .     Gourm    .   c - +0 shield
rNeg     . . .     Faith    .   b - +0 scale mail
rPois    .         Spirit   .   (no helmet)
rElec    .         Reflect  .   (no cloak)
rCorr    .         Harm     .   (no gloves)
MR       .....                  (no boots)
Stlth    ..........             (no amulet)
Regen    0.5/turn               (no ring)
MPRegen  0.1/turn               (no ring)

@: no status effects
A: talons 1, blurry vision 1, dopey 1, regeneration 1
a: no special abilities


You were on level 1 of the Dungeon.
You were not hungry.

You visited 1 branch of the dungeon, and saw 2 of its levels.

You collected 52 gold pieces.

Inventory:

Hand Weapons
 a - a +0 war axe (weapon)
Armour
 b - a +0 scale mail (worn)
 c - a +0 shield (worn)
Jewellery
 e - a +3 ring of protection {unknown}
Scrolls
 h - 2 scrolls of amnesia {unknown}
 l - a scroll of identify {unknown}
 m - a scroll of teleportation {unknown}
 o - a scroll of fear {unknown}
 p - a scroll of enchant armour {unknown}
Potions
 d - a potion of might
 n - a potion of agility {unknown}
Comestibles
 f - 2 bread rations
 g - a meat ration
 k - 2 royal jellies


   Skills:
 + Level 3.1 Fighting
 + Level 2.2 Axes
 + Level 2.9 Armour
 + Level 3.1 Shields


You had one spell level left.
You didn't know any spells.

Dungeon Overview and Level Annotations

Branches:
Dungeon (2/15)

Altars:


Innate Abilities, Weirdness & Mutations

You have sharp toenails.
Scrolls take you a little longer to read.
You are dopey. (Int -2)
Your natural rate of healing is unusually fast.


Message History

Unknown command.
You block the gnoll's attack. The gnoll barely misses you. The bat hits you.
The gnoll hits you but does no damage.
You climb upwards.
There is a stone staircase leading down here.
You hit the gnoll.
The gnoll is heavily wounded.
You hit the gnoll. The gnoll hits you with a club!
* * * LOW HITPOINT WARNING * * *
The gnoll hits you with a flail.
* * * LOW HITPOINT WARNING * * *
It was a potion of mutation.
You feel extremely strange.
You feel stupid.
Your vision blurs.
You begin to heal more quickly.
You block the gnoll's attack. x2
It was a potion of curing.
You feel better. The gnoll hits you with a club.
* * * LOW HITPOINT WARNING * * *
You hit the gnoll. You claw the gnoll.
The gnoll is almost dead.
You hit the gnoll. The gnoll hits you with a flail!
You die...

#.####....#.# #.# #....#.#
####### #.####....#.########
......# #....#....#.#......#
......# #####.#....#.#.####.#
......# #.....#.#..#.#.# #.#
..÷...# #.....#.#..#...# #.#
......####.....#g#..########.#
...............g@#.....†.....#
###.######.....###.###########
#.######.....# #.#
###............###.#
.P#................#
P≈#............#####
≈≈#............#
≈≈#..........###
≈≈#.##########


You could see 2 gnolls.

Vanquished Creatures
  2 dart slugs (D:1)
  A giant cockroach (D:1)
  A goblin (D:1)
  4 hobgoblins (D:1)
  3 bats (D:1)
  A frilled lizard (D:1)
  3 kobolds (D:1)
  3 rats (D:1)
18 creatures vanquished.

Notes
Turn   | Place    | Note
-------+----------+-------------------------------------------
     0 | D:1      | vishdafish the Demonspawn Fighter began the quest for the Orb.
     0 | D:1      | Reached XP level 1. HP: 18/18 MP: 1/1
   107 | D:1      | Gained mutation: You have sharp toenails. [demonic ancestry]
   107 | D:1      | Reached XP level 2. HP: 23/24 MP: 2/2
   509 | D:1      | HP: 1/24 [gnoll/flail (6)]
   510 | D:1      | Gained mutation: You are dopey. (Int -2) [potion of mutation]
   510 | D:1      | Gained mutation: Scrolls take you a little longer to read. [potion of mutation]
   510 | D:1      | Gained mutation: Your natural rate of healing is unusually fast. [potion of mutation]
   512 | D:1      | Slain by a gnoll

Skill      XL: |  1  2 |
---------------+-------+-----
Shields        | 3 |  3.1
Axes           | 2 |  2.2
Fighting       | |  3.1
Armour         | |  2.9

Action                   || total
-------------------------++-------
Melee: War axe           ||    44
       Kick              ||    10
  Use: Potion            ||     2
Armor: Scale mail        ||    31
Dodge: Dodged            ||    18
Block: Shield            ||    33
